AoeStats
← Coniopolis

Arena

509984855Analyzed
1v1 RM · 3d ago on Sep 28, 2026· 40m 3s· 2 players
Game mode
Random Map
Map size
Tiny (2 player)
Population
200
Speed
Normal
Resources
Standard
Victory
Conquest
Starting age
Dark Age
Ending age
Imperial Age
RankedLock teamsTeams togetherTeam positionsShared explorationLock speedFull tech treeHidden civsTurbo modeCheats
Victory
Defeat
🇵🇪 Mongols · Peru
1208
+14
🇦🇷 Japanese · Argentina
1162
-14
Coniopolis
7:28 Loom
9:55 Feudal Age
10:47 Double-Bit Axe
14:58 Castle Age
14:52 Horse Collar
15:18 Stone Mining
22:16 Gold Mining
25:45 Squires
25:30 Gambesons
26:08 Scale Mail Armor
25:59 Fletching
26:35 Bow Saw
28:51 Wheelbarrow
29:09 Elite Skirmisher
30:38 Thumb Ring
33:23 Padded Archer Armor
33:19 Bodkin Arrow
33:40 Chain Mail Armor
33:15 Arson
35:16 Gold Shaft Mining
34:28 Town Watch
36:08 Leather Archer Armor
36:05 Forging
37:17 Heavy Plow
38:47 Man-at-Arms
WALLS
7:38 Loom
9:55 Feudal Age
9:42 Loom
12:05 Loom
14:26 Castle Age
12:13 Double-Bit Axe
16:16 Bow Saw
16:44 Wheelbarrow
20:03 Padded Archer Armor
20:33 Fletching
21:09 Padded Archer Armor
22:27 Leather Archer Armor
22:21 Horse Collar
23:38 Bodkin Arrow
25:00 Gold Mining
25:11 Stone Mining
26:50 Gold Shaft Mining
27:06 Husbandry
27:16 Bloodlines
32:13 Imperial Age
31:09 Hand Cart
31:54 Stone Shaft Mining
31:41 Thumb Ring
32:41 Heavy Plow
33:30 Parthian Tactics
33:07 Bracer
35:29 Ballistics
36:29 Chemistry
36:40 Heavy Cavalry Archer
38:51 Drill
38:18 Onager
39:09 Town Watch
39:59 Conscription
40:02 Siege Engineers
Connection lost

Rejoining the realm…

Still unreachable

The connection could not be restored.

Session expired

The server has moved on; the page needs a fresh start.